 Dungeon Crawl Stone Soup version 0.16.1 (webtiles) character file.

263146 Fiveotanaka the Devastator (level 20, -3/174 HPs)
             Began as a Naga Fire Elementalist on Mar 26, 2015.
             Was the Champion of Vehumet.
             Killed from afar by Azrael (19 damage)
             ... with a blast of hellfire
             ... on level 2 of the Elven Halls.
             The game lasted 07:02:26 (55050 turns).

Fiveotanaka the Devastator (NaFE)                  Turns: 55050, Time: 07:02:26

Health: -3/174     AC: 22    Str:  8    XL:     20   Next: 41%
Magic:  8/37       EV: 16    Int: 29    God:    Vehumet [******]
Gold:   2515       SH: 13    Dex: 21    Spells: 9 memorised, 6 levels left

rFire  + + +     SeeInvis +     U - staff of energy
rCold  + + +     Clarity  +     H - +2 robe {rC+ rF+}
rNeg   . . .     SustAb   .     l - +2 shield of Resistance {rF+ rC+ MR+}
rPois  +         Gourm    .     A - +1 helmet {SInv}
rElec  +         Spirit   .     Z - +2 cloak
rCorr  .         Warding  .     K - +0 pair of gloves
rMut   .         Stasis   .     w - +1 naga barding {rC+}
MR     +++..                    j - amulet of Plog {Clar rElec Str-4 Stlth+}
Stlth  +++++.....               T - ring of Craqomir {rF++ Int+5 Dex+5}
                                e - +5 ring of dexterity

@: silence, very slow, extremely resistant to hostile enchantments, quite
stealthy
A: spit poison, constrict 1, see invisible, deformed body, poison resistance,
slowness 2, AC +6
a: Spit Poison, Renounce Religion
}: 1/15 runes: decaying


You were on level 2 of the Elven Halls.
You worshipped Vehumet.
Vehumet was exalted by your worship.
You were not hungry.

You visited 9 branches of the dungeon, and saw 41 of its levels.
You also visited: Bailey.

You collected 4931 gold pieces.
You spent 2416 gold pieces at shops.

Inventory:

Missiles
 v - 3 tomahawks (quivered)
Armour
 l - the +2 shield of Resistance (worn) {rF+ rC+ MR+}
   (You found it on level 3 of the Swamp)

   It protects you from fire.
   It protects you from cold.
   It affects your resistance to hostile enchantments.
 w - a +1 naga barding of cold resistance (worn)
 A - a +1 helmet of see invisible (worn)
 E - a fire dragon hide
 H - a +2 robe of resistance (worn)
 K - a +0 pair of gloves (worn)
 Z - a +2 cloak (worn)
Magical staves
 k - a cursed staff of fire
 S - an uncursed staff of summoning
 U - an uncursed staff of energy (weapon)
Rods
 I - a +7 rod of clouds (10/10)
   (You found it on level 3 of the Vaults)
Jewellery
 e - a +5 ring of dexterity (left hand)
 j - the amulet of Plog (around neck) {Clar rElec Str-4 Stlth+}
   (You bought it in a shop on level 4 of the Orcish Mines)

   [amulet of clarity]

   It provides mental clarity.
   It affects your strength (-4).
   It insulates you from electricity.
   It makes you more stealthy.
 n - an uncursed amulet of warding
 p - the ring of Suicidal Tendencies {Wiz rElec rC- Str+3}
   (You found it on level 8 of the Lair of Beasts)

   [ring of wizardry]

   It improves your spell success rate.
   It affects your strength (+3).
   It makes you vulnerable to cold.
   It insulates you from electricity.
 L - an uncursed amulet of regeneration
 P - an uncursed ring of sustain abilities
 T - the ring of Craqomir (right hand) {rF++ Int+5 Dex+5}
   (You bought it in a shop on level 4 of the Orcish Mines)

   [ring of dexterity]

   It affects your intelligence (+5).
   It affects your dexterity (+5).
   It greatly protects you from fire.
Magical devices
 h - a wand of disintegration (8)
 J - a wand of fire (1)
 Q - a wand of teleportation (5)
 V - a wand of cold (6)
Scrolls
 f - 18 scrolls of remove curse
 i - 2 scrolls of fear
 s - 9 scrolls of enchant armour
 t - 4 scrolls of fog
 u - 2 scrolls of recharging
 y - 7 scrolls of magic mapping
 F - 3 scrolls of teleportation
 N - 2 scrolls of blinking
 O - 3 scrolls of enchant weapon
 R - 4 scrolls of identify
 W - 4 scrolls of silence
 Y - 5 scrolls of amnesia
Potions
 b - 3 potions of haste
 d - 8 potions of curing
 g - 4 potions of cure mutation
 o - a potion of resistance
 r - 8 potions of agility
 x - 4 potions of heal wounds
 z - 3 potions of might
 C - 5 potions of restore abilities
 G - 2 potions of flight
 M - 2 potions of cancellation
 X - 3 potions of brilliance
Miscellaneous
 a - a disc of storms
 B - a crystal ball of energy
Comestibles
 c - 14 bread rations
 m - 7 chunks of flesh
 D - 13 meat rations


   Skills:
 - Level 9.6 Fighting
 + Level 8.5 Staves
 - Level 5.0 Armour
 - Level 10.1 Dodging
 - Level 10.1 Stealth
 - Level 9.2 Shields
 - Level 11.0 Spellcasting
 - Level 18.0 Conjurations
 - Level 16.0 Fire Magic
 - Level 6.0 Earth Magic
 - Level 10.0 Evocations


You had 6 spell levels left.
You knew the following spells:

 Your Spells              Type           Power        Failure   Level  Hunger
a - Flame Tongue          Conj/Fire      #####        0%          1    None
b - Throw Flame           Conj/Fire      ######       0%          2    None
c - Conjure Flame         Conj/Fire      #######.     0%          3    None
d - Sticky Flame          Conj/Fire      #######.     1%          4    None
e - Magic Dart            Conj           ####         0%          1    None
f - Fireball              Conj/Fire      #######...   1%          5    None
g - Bolt of Fire          Conj/Fire      #######...   1%          6    None
h - Iron Shot             Conj/Erth      ######....   1%          6    None
i - Orb of Destruction    Conj           #######...   1%          7    None


Dungeon Overview and Level Annotations

Branches:
Dungeon (15/15)            Temple (1/1) D:7            Lair (8/8) D:9
  Swamp (5/5) Lair:5       Spider (1/5) Lair:5        Slime (0/6) Lair:6
    Orc (4/4) D:10            Elf (2/3) Orc:3        Vaults (4/5) D:13
 Depths (1/5) D:15
  Crypt: Vaults:2-3

Altars:
Ashenzari
Cheibriados
Dithmenos
Elyvilon
Fedhas
Gozag
Kikubaaqudgha
Makhleb
Nemelex Xobeh
Okawaru
Qazlal
Ru
Sif Muna
Trog
Vehumet
Xom
Yredelemnul
Zin
The Shining One
Beogh
Jiyva

Shops:
D:15 ?   Orc:1 :   Orc:2 *   Orc:4 =}!=   Elf:2 !   Vaults:2 *   Depths:1 %

Annotations:
Elf:2 Azrael


Innate Abilities, Weirdness & Mutations

You cannot wear boots.
You can spit poison.
You can use your snake-like lower body to constrict enemies.
Your serpentine skin is tough (AC +6).
You have supernaturally acute eyesight.
Armour fits poorly on your strangely shaped body.
Your system is resistant to poisons.
You cover ground very slowly.


Message History

Azrael zaps a wand.
You resist with almost no effort.
There is an open door, spattered with blood here.
Azrael gestures at you. The bolt of fire hits you! You resist.
Items here: ( )) [ ÷ a scimitar; a runed shortbow; 11 arrows; a ring mail; an elf skeleton Azrael gestures at you.
The hellfire explodes!
The blast of hellfire engulfs you!
Azrael is momentarily hidden by a cloud of flames.
Azrael gestures at you.
The hellfire explodes!
The blast of hellfire engulfs you!
* * * LOW HITPOINT WARNING * * *
Read which item? (? for menu, Esc to quit)
Okay, then.
Read which item? (? for menu, Esc to quit)
As you read the scroll of silence, it crumbles to dust.
A profound silence engulfs you. Azrael gestures at you.
The hellfire explodes!
The blast of hellfire engulfs you!
You die...

###+### ##.....##
+#.......##
##.......@.##
#...........# ##+##
#:.R........#
#...####.§.........#
#.§§)§§').......>..#
#'.#####.....(P....#
§#.# ##......?..##
#### ##.......## #
#∩#...).##


You could see Azrael.

Vanquished Creatures
  A sphinx (Vaults:2)
  2 thorn hunters
  Agnes (Swamp:1)
  A tengu reaver (Vaults:3)
  2 fire giants
  6 vault wardens
  A deep elf sorcerer (Elf:1)
  An emperor scorpion (Spider:1)
  2 frost giants
  6 ironheart preservers
  4 stone giants
  A deep elf demonologist (Elf:1)
  3 very ugly things
  A dire elephant (D:15)
  An unborn (Vaults:3)
  A minotaur (shapeshifter) (D:15)
  A crystal guardian (Vaults:4)
  A fire dragon (Vaults:4)
  3 deep elf high priests (Elf:1)
  3 vault guards
  A rakshasa (Vaults:1)
  3 yaktaur captains
  18 hydras
  A great orb of eyes (Vaults:4)
  Fannar (D:11)
  12 ogre magi
  8 centaur warriors
  2 catoblepae
  An ice dragon (Lair:6)
  Erica (Lair:1)
  2 ghost crabs
  A death knight (Vaults:3)
  A deep troll shaman (Vaults:3)
  4 alligators
  2 death yaks (Lair:3)
  A tengu warrior (D:15)
  7 orc high priests
  Urug (Orc:1)
  6 spriggans
  3 shadow wraiths
  Erolcha (Orc:1)
  17 deep elf knights
  2 deep trolls (Vaults:3)
  A fire crab (Vaults:4)
  A flayed ghost (Vaults:2)
  4 wizards (D:13)
  5 spriggan druids
  3 unseen horrors
  2 giant orange brains (Vaults:2)
  2 shambling mangroves (Swamp:5)
  8 swamp dragons
  4 deep elf summoners
  5 orb spiders
  6 ironbrand convokers
  17 orc knights
  6 hill giants
  5 harpies (Vaults:2)
  8 wolf spiders
  A lindwurm (Lair:8)
  4 manticores
  2 orc sorcerers
  7 cyclopes
  A frost giant zombie (Vaults:4)
  6 griffons
  A large abomination (Elf:1)
  8 deep elf conjurers (Elf:1)
  2 hornets
  2 necromancers
  40 ugly things
  A sixfirhy (Vaults:3)
  15 vault sentinels
  14 elephants
  A fire giant skeleton (Vaults:4)
  A cyclops (shapeshifter) (Vaults:2)
  A black mamba (shapeshifter) (Elf:1)
  A frost giant skeleton (Vaults:4)
  5 black mambas
  5 orange demons
  A guardian serpent (shapeshifter) (Vaults:1)
  5 torpor snails
  12 komodo dragons
  A gargoyle (D:14)
  A spiny frog (shapeshifter) (Vaults:2)
  18 spiny frogs
  A small abomination (Elf:1)
  38 yaktaurs
  A sphinx simulacrum (Vaults:4)
  An efreet (D:15)
  5 kobold demonologists
  4 demonic crawlers (Spider:1)
  A red devil (Orc:4)
  A hellwing (D:15)
  11 jumping spiders (Spider:1)
  6 deep elf priests
  8 fire drakes
  A merfolk (shapeshifter) (Vaults:2)
  4 freezing wraiths
  5 bog bodies
  4 boulder beetles
  8 giant leeches
  25 two-headed ogres
  8 baby alligators
  5 trolls
  16 blink frogs
  25 slime creatures
  6 basilisks
  4 shadows
  10 ravens
  A fire giant simulacrum (Vaults:3)
  6 tarantellas (Spider:1)
  16 deep elf magi
  A redback (shapeshifter) (Vaults:2)
  10 redbacks (Spider:1)
  A yak (shapeshifter) (Vaults:2)
  3 trapdoor spiders
  A wyvern (D:12)
  A vampire (D:14)
  16 humans (D:13)
  51 yaks
  4 hungry ghosts
  4 fire elementals (Elf:2)
  The ghost of edsrzf the Sneak, an average NaTm (D:3)
  8 hippogriffs
  A yaktaur simulacrum (Vaults:3)
  18 deep elf fighters
  A golden eye (shapeshifter) (Vaults:2)
  5 wraiths
  6 wolves
  A chaos spawn (D:15)
  A warg (Vaults:4)
  34 vampire mosquitoes
  A soldier ant (shapeshifter) (Vaults:3)
  A soldier ant (D:12)
  25 water moccasins
  A hell hound (Elf:2)
  30 swamp worms
  13 swamp drakes
  13 porcupines
  2 phantoms
  8 ice beasts
  8 spiders (Spider:1)
  An eye of draining (shapeshifter) (Vaults:2)
  49 orc warriors
  A black bear (shapeshifter) (Vaults:4)
  45 ogres
  2 sky beasts
  2 necrophages
  2 boring beetles (Lair:8)
  11 wasps
  15 centaurs
  8 boggarts
  15 crocodiles
  4 brain worms (Lair:8)
  8 big kobolds
  20 giant frogs
  A deep troll simulacrum (Vaults:4)
  A wyvern skeleton (D:9)
  3 wyvern zombies
  A killer bee (D:8)
  11 scorpions
  8 wights
  3 goliath beetles (D:9)
  3 centaur zombies
  10 crimson imps
  4 jellies
  A giant frog zombie (D:6)
  19 hounds
  3 giant frog skeletons
  44 orc priests
  5 human zombies (D:13)
  3 centaur skeletons
  A gnoll shaman (D:10)
  Natasha (thrice) (D:5)
  3 iguanas
  24 orc wizards
  11 worker ants
  16 sheep
  A hound zombie (D:11)
  A mummy (D:11)
  2 hound skeletons
  A worker ant zombie (D:5)
  22 adders
  6 gnolls (D:10)
  48 river rats
  3 white imps (Lair:6)
  A giant mite (D:8)
  4 shadow imps
  16 worms
  An ufetubus (D:15)
  An adder skeleton (D:5)
  5 giant geckos
  157 orcs
  15 bats
  2 bat skeletons (D:5)
  A bat zombie (D:5)
  28 goblins
  27 hobgoblins
  14 jackals
  21 quokkas
  A ball python (D:4)
  7 giant cockroaches
  A giant gecko skeleton (D:9)
  7 giant newts
  3 giant spores
  60 kobolds
  A quokka skeleton (D:9)
  17 rats
  10 ballistomycetes
  2 crawling corpses (Elf:1)
  8 fungi
  A plant (Lair:8)
1718 creatures vanquished.

Vanquished Creatures (others)
  A centaur warrior (Vaults:2)
  An ogre mage (D:14)
  A two-headed ogre (D:14)
  A soldier ant (shapeshifter) (Vaults:2)
  An orc (Orc:3)
  11 fungi (Lair:8)
  10 plants
26 creatures vanquished.

Grand Total: 1744 creatures vanquished

Notes
Turn   | Place    | Note
--------------------------------------------------------------
     0 | D:1      | Fiveotanaka, the Naga Fire Elementalist, began the quest for the Orb.
     0 | D:1      | Reached XP level 1. HP: 15/15 MP: 3/3
   230 | D:1      | Reached XP level 2. HP: 22/22 MP: 0/4
   865 | D:1      | Learned a level 2 spell: Throw Flame
  1056 | D:2      | Reached XP level 3. HP: 24/28 MP: 0/6
  1235 | D:2      | Found an iron altar of Okawaru.
  1632 | D:2      | Reached XP level 4. HP: 30/36 MP: 3/7
  1704 | D:2      | Learned a level 3 spell: Conjure Flame
  1902 | D:2      | Reached skill level 4 in Conjurations
  2364 | D:2      | Found a white marble altar of Elyvilon.
  2498 | D:3      | Found an opulent altar of Gozag.
  2891 | D:3      | Reached XP level 5. HP: 42/42 MP: 2/9
  3218 | D:3      | Noticed edsrzf's ghost (average NaTm)
  3278 | D:3      | Killed edsrzf's ghost
  3278 | D:3      | Reached skill level 6 in Conjurations
  3278 | D:3      | Reached XP level 6. HP: 43/49 MP: 6/10
  3653 | D:4      | Found a shadowy altar of Dithmenos.
  3688 | D:4      | Noticed a water moccasin
  3711 | D:4      | Killed a water moccasin
  3711 | D:4      | Reached skill level 7 in Conjurations
  3711 | D:4      | Reached XP level 7. HP: 41/55 MP: 4/12
  3773 | D:4      | Learned a level 4 spell: Sticky Flame
  4017 | D:4      | Found a basalt altar of Yredelemnul.
  4018 | D:4      | Noticed a profane servitor
  4023 | D:4      | Found a glowing golden altar of the Shining One.
  4024 | D:4      | Noticed an angel
  4627 | D:5      | Entered Level 5 of the Dungeon
  4830 | D:5      | Noticed Natasha
  4833 | D:5      | Killed Natasha
  4923 | D:5      | Noticed Natasha
  4926 | D:5      | Killed Natasha
  5333 | D:5      | Reached skill level 8 in Conjurations
  5607 | D:5      | Found a shimmering altar of Xom.
  5898 | D:5      | Noticed Natasha
  5899 | D:5      | Killed Natasha
  6263 | D:5      | Reached XP level 8. HP: 55/62 MP: 7/13
  6815 | D:6      | Found an ancient bone altar of Kikubaaqudgha.
  6817 | D:6      | Found a radiant altar of Vehumet.
  6817 | D:6      | Found a deep blue altar of Sif Muna.
  6826 | D:6      | Identified Vehumet's Guide on Conjuration
  6833 | D:6      | Identified Kikubaaqudgha's Handbook of Stolen Souls
  6840 | D:6      | Identified Sif Muna's Almanac of the Entourage
  6850 | D:6      | Became a worshipper of Vehumet
  6860 | D:6      | Learned a level 1 spell: Magic Dart
  7278 | D:6      | Found an iron altar of Okawaru.
  7506 | D:7      | Found a staircase to the Ecumenical Temple.
  7528 | Temple   | Entered the Ecumenical Temple
  8230 | D:7      | Found a burning altar of Makhleb.
  8444 | D:8      | Found a flagged portal.
  8461 | Bailey   | Entered a bailey
  8487 | Bailey   | Acquired Vehumet's first power
  8487 | Bailey   | Offered knowledge of Shock by Vehumet.
  8702 | Bailey   | Noticed an orc knight
  8729 | Bailey   | Killed an orc knight
  8729 | Bailey   | Reached XP level 9. HP: 39/68 MP: 3/22
  9166 | D:8      | Learned a level 5 spell: Fireball
  9343 | D:8      | Reached skill level 5 in Dodging
  9599 | D:8      | Offered knowledge of Throw Frost by Vehumet.
  9838 | D:8      | Noticed a four-headed hydra
  9850 | D:8      | Noticed a deep elf mage
  9854 | D:8      | Killed a deep elf mage
 10148 | D:8      | Reached skill level 5 in Fire Magic
 10567 | D:8      | Reached XP level 10. HP: 75/75 MP: 20/24
 10851 | D:9      | Offered knowledge of Searing Ray by Vehumet.
 11013 | D:9      | Reached skill level 9 in Conjurations
 11260 | D:9      | Found a staircase to the Lair.
 11260 | D:9      | Noticed an elephant
 11420 | D:9      | Killed an elephant
 11420 | D:9      | Reached skill level 10 in Conjurations
 11428 | D:9      | Acquired Vehumet's second power
 12331 | D:9      | Offered knowledge of Iskenderun's Mystic Blast by Vehumet.
 12449 | D:9      | Reached XP level 11. HP: 71/81 MP: 7/26
 12559 | D:9      | Learned a level 6 spell: Bolt of Fire
 13820 | Lair:1   | Entered Level 1 of the Lair of Beasts
 14333 | Lair:1   | Acquired Vehumet's third power
 14359 | Lair:1   | Noticed Erica
 14565 | Lair:1   | Killed Erica
 14940 | Lair:1   | Noticed a four-headed hydra
 14948 | Lair:1   | Killed a four-headed hydra
 15358 | Lair:2   | Identified a scroll of acquirement
 15382 | Lair:2   | Got a spiked cloak
 15393 | Lair:2   | Identified the -4 cloak of Mental Paralysis {Slay+2} (You acquired it on level 2 of the Lair of Beasts)
 15457 | Lair:2   | Offered knowledge of Bolt of Magma by Vehumet.
 16533 | Lair:2   | Reached XP level 12. HP: 88/88 MP: 17/28
 16950 | Lair:3   | Reached skill level 10 in Dodging
 17023 | Lair:3   | Reached skill level 1 in Fighting
 17366 | Lair:3   | Reached skill level 5 in Stealth
 17853 | Lair:3   | Noticed a seven-headed hydra
 17865 | Lair:3   | Killed a seven-headed hydra
 18185 | Lair:3   | Noticed a death yak
 18187 | Lair:3   | Noticed a death yak
 18192 | Lair:3   | Noticed a death yak
 18198 | Lair:3   | Killed a death yak
 18198 | Lair:3   | Reached skill level 5 in Fighting
 18339 | Lair:3   | Noticed a death yak
 18364 | Lair:3   | Killed a death yak
 19229 | Lair:3   | Learned a level 5 spell: Bolt of Magma
 19248 | Lair:4   | Reached XP level 13. HP: 109/121 MP: 29/29
 19390 | Lair:4   | Reached skill level 10 in Fire Magic
 19876 | Lair:4   | Offered knowledge of Freezing Cloud by Vehumet.
 20989 | Lair:5   | Found a hole to the Spider Nest.
 20992 | Lair:5   | Reached skill level 11 in Conjurations
 21069 | Lair:5   | Reached XP level 14. HP: 129/129 MP: 22/30
 22411 | Lair:5   | Found a staircase to the Swamp.
 22728 | Lair:6   | Found a viscous altar of Jiyva.
 22729 | Lair:6   | Found a staircase to the Slime Pits.
 23294 | Lair:6   | Reached skill level 1 in Evocations
 24289 | Lair:7   | Reached skill level 5 in Evocations
 24584 | Lair:7   | Reached skill level 1 in Armour
 25240 | Lair:7   | Got a crystal quarterstaff
 25241 | Lair:7   | Identified the +9 quarterstaff of Forgiveness {drain, MP+9 Dex+3} (You found it on level 7 of the Lair of Beasts)
 25262 | Lair:7   | Offered knowledge of Olgreb's Toxic Radiance by Vehumet.
 25454 | Lair:8   | Entered Level 8 of the Lair of Beasts
 25989 | Lair:8   | Got a twitching steel ring
 25991 | Lair:8   | Identified the ring of Suicidal Tendencies {Wiz rElec rC- Str+3} (You found it on level 8 of the Lair of Beasts)
 26214 | Lair:8   | Reached skill level 1 in Staves
 27014 | Lair:8   | Reached skill level 12 in Conjurations
 27404 | Lair:8   | Found a runed door.
 28470 | D:10     | Entered Level 10 of the Dungeon
 28583 | D:10     | Got an encrusted scale mail
 28594 | D:10     | Identified the +1 scale mail of Pride {Str+5} (You found it on level 10 of the Dungeon)
 28671 | D:10     | Reached XP level 15. HP: 135/135 MP: 26/31
 28685 | D:10     | Found a staircase to the Orcish Mines.
 29187 | Orc:1    | Entered Level 1 of the Orcish Mines
 29201 | Orc:1    | Found Brurgh Tiut's Book Shop.
 29322 | Orc:1    | Found a bloodstained altar of Trog.
 29640 | Orc:2    | Noticed Urug
 29788 | Orc:1    | Killed Urug
 29841 | Orc:2    | Found Mealaiz's Assorted Antiques.
 30521 | Orc:1    | Noticed Erolcha
 30525 | Orc:1    | Killed Erolcha
 30754 | Orc:1    | Offered knowledge of Orb of Destruction by Vehumet.
 31235 | D:11     | Noticed Fannar
 31241 | D:11     | Killed Fannar
 32518 | D:13     | Reached skill level 10 in Spellcasting
 32539 | D:13     | Learned a level 7 spell: Orb of Destruction
 32722 | Orc:2    | Found a roughly hewn altar of Beogh.
 32851 | Orc:3    | Found a staircase to the Elven Halls.
 33218 | Orc:4    | Entered Level 4 of the Orcish Mines
 33740 | Orc:4    | Offered knowledge of Ozocubu's Refrigeration by Vehumet.
 34282 | Orc:4    | Reached skill level 13 in Conjurations
 35069 | Orc:4    | Found Theoriac's Jewellery Shop.
 35069 | Orc:4    | Found Zaexky's Jewellery Shop.
 35069 | Orc:4    | Found Samoull's Distillery.
 35069 | Orc:4    | Found Klotieled's Gadget Boutique.
 35082 | Orc:4    | Bought a potion of lignification for 45 gold pieces
 35083 | Orc:4    | Bought the ring of Craqomir {rF++ Int+5 Dex+5} for 990 gold pieces
 35091 | Orc:4    | Bought a cursed ring of loudness for 72 gold pieces
 35091 | Orc:4    | Bought an uncursed amulet of resist corrosion for 320 gold pieces
 35566 | D:13     | Found a burning altar of Makhleb.
 36525 | D:13     | Found a gate to the Vaults.
 36942 | D:14     | Reached XP level 16. HP: 144/144 MP: 22/33
 37103 | D:14     | Found a snail-covered altar of Cheibriados.
 37512 | D:14     | Offered knowledge of Iron Shot by Vehumet.
 37552 | D:14     | Learned a level 6 spell: Iron Shot
 37677 | D:14     | Reached skill level 1 in Earth Magic
 38294 | D:14     | Reached skill level 5 in Earth Magic
 38417 | D:15     | Entered Level 15 of the Dungeon
 38514 | D:15     | Reached skill level 14 in Conjurations
 39086 | D:15     | Found Uneehepe's Magic Scroll Emporium.
 39121 | D:15     | Bought a scroll of identify for 22 gold pieces
 39121 | D:15     | Bought a scroll of fear for 38 gold pieces
 39121 | D:15     | Bought a scroll of teleportation for 33 gold pieces
 39121 | D:15     | Bought a scroll of identify for 22 gold pieces
 39121 | D:15     | Bought a scroll of remove curse for 33 gold pieces
 39121 | D:15     | Bought a scroll of magic mapping for 38 gold pieces
 39121 | D:15     | Bought a scroll of blinking for 82 gold pieces
 39369 | D:15     | Found a staircase to the Depths.
 40103 | Swamp:1  | Entered Level 1 of the Swamp
 40109 | Swamp:1  | Reached skill level 15 in Conjurations
 40119 | Swamp:1  | Noticed Agnes
 40174 | Swamp:1  | Killed Agnes
 40352 | Swamp:1  | Offered knowledge of Poison Arrow by Vehumet.
 40590 | Swamp:1  | Reached skill level 10 in Stealth
 41502 | Swamp:2  | Reached XP level 17. HP: 151/151 MP: 16/34
 41529 | Swamp:2  | Reached skill level 10 in Evocations
 41635 | Swamp:2  | Noticed a thorn hunter
 41643 | Swamp:2  | Killed a thorn hunter
 41881 | Swamp:3  | Reached skill level 5 in Armour
 42392 | Swamp:3  | Reached skill level 1 in Shields
 42715 | Swamp:4  | Offered knowledge of Poisonous Cloud by Vehumet.
 43318 | Swamp:5  | Entered Level 5 of the Swamp
 43535 | Swamp:5  | Reached skill level 5 in Shields
 44094 | Swamp:5  | Got a decaying rune of Zot
 44563 | Spider:1 | Entered Level 1 of the Spider Nest
 44894 | Spider:1 | Offered knowledge of Fire Storm by Vehumet.
 44894 | Spider:1 | Offered knowledge of Glaciate by Vehumet.
 44894 | Spider:1 | Offered knowledge of Chain Lightning by Vehumet.
 45069 | Spider:1 | Reached XP level 18. HP: 145/158 MP: 21/35
 45835 | Orc:4    | Bought the amulet of Plog {Clar rElec Str-4 Stlth+} for 369 gold pieces
 46041 | Vaults:1 | Entered Level 1 of the Vaults
 47187 | Vaults:1 | Found a glowing silver altar of Zin.
 47793 | Vaults:2 | Got a fine leather armour
 47804 | Vaults:2 | Identified the +1 leather armour of the Hidden Blessings {Int+3 Dex+5} (You found it on level 2 of the Vaults)
 47958 | Vaults:2 | Reached skill level 15 in Fire Magic
 48752 | Vaults:2 | Found Emuseido's General Store.
 48760 | Vaults:2 | Bought a potion of heal wounds for 60 gold pieces
 48760 | Vaults:2 | Bought a scroll of enchant armour for 90 gold pieces
 48760 | Vaults:2 | Bought a scroll of fear for 42 gold pieces
 48795 | Vaults:2 | Reached skill level 16 in Conjurations
 49227 | Vaults:2 | Reached XP level 19. HP: 158/165 MP: 31/35
 49474 | Vaults:3 | Found a staircase to the Crypt.
 49828 | Vaults:3 | Reached skill level 17 in Conjurations
 50815 | Vaults:3 | Got a shimmering scale mail
 50816 | Vaults:3 | Identified the -1 scale mail of Zin's Displeasure {Str+2 Dex+3} (You found it on level 3 of the Vaults)
 50924 | Vaults:3 | Reached skill level 18 in Conjurations
 52770 | Vaults:4 | Reached XP level 20. HP: 142/174 MP: 9/37
 53194 | Depths:1 | Entered Level 1 of the Depths
 53359 | Depths:1 | Found Muvacsaw's Food Shoppe.
 53636 | Elf:1    | Entered Level 1 of the Elven Halls
 53882 | Elf:1    | Reached skill level 5 in Staves
 54191 | Elf:1    | Found a shimmering altar of Xom.
 54523 | Elf:1    | Identified a +7 rod of clouds (10/10) (You found it on level 3 of the Vaults)
 54948 | Elf:2    | Found Papeac's Distillery.
 54963 | Elf:2    | Bought a potion of heal wounds for 80 gold pieces
 54963 | Elf:2    | Bought a potion of heal wounds for 80 gold pieces
 54973 | Elf:2    | Identified Fume's Compendium of Bewitchment and Conjuration (You found it on level 2 of the Elven Halls)
 55024 | Elf:2    | Noticed Azrael
 55050 | Elf:2    | Killed from afar by Azrael

Action                   |  1- 3 |  4- 6 |  7- 9 | 10-12 | 13-15 | 16-18 | 19-21 || total
-------------------------+-------+-------+-------+-------+-------+-------+-------++-------
Melee: Whip              |     2 |       |       |       |       |       |       ||     2
       Dagger            |     4 |    25 |    68 |       |       |       |       ||    97
       Staff             |       |       |    31 |    32 |   222 |   102 |    48 ||   435
       Falchion          |       |       |    37 |       |       |       |       ||    37
Throw: Stone             |       |       |     1 |       |       |       |       ||     1
 Cast: Flame Tongue      |    62 |    77 |   222 |   317 |   361 |    28 |       ||  1067
       Conjure Flame     |       |     2 |    11 |    43 |     9 |     3 |       ||    68
       Throw Flame       |       |     1 |    86 |   137 |   186 |    11 |     6 ||   427
       Magic Dart        |       |       |     5 |    17 |     9 |       |       ||    31
       Sticky Flame      |       |       |     3 |    59 |   203 |    53 |     9 ||   327
       Fireball          |       |       |     3 |    10 |   183 |   135 |    59 ||   390
       Bolt of Fire      |       |       |       |     9 |    54 |   498 |   266 ||   827
       Bolt of Magma     |       |       |       |       |    22 |       |       ||    22
       Orb of Destructio |       |       |       |       |     2 |     2 |     1 ||     5
       Iron Shot         |       |       |       |       |       |    34 |    24 ||    58
 Abil: Spit Poison       |     9 |     6 |     8 |     3 |    10 |       |       ||    36
Evoke: Wand              |       |       |     2 |       |     7 |       |       ||     9
       Staff of energy   |       |       |       |       |   394 |  1026 |   462 ||  1882
  Use: Scroll            |     5 |     2 |    10 |    10 |    13 |    13 |     9 ||    62
       Potion            |       |       |     1 |     3 |     2 |     4 |     3 ||    13
 Stab: Sleeping          |       |     1 |     1 |       |     3 |       |       ||     5
       Distracted        |       |       |       |       |     1 |       |     1 ||     2
  Eat: Chunk             |     4 |     8 |    21 |    25 |    65 |    67 |    34 ||   224
       Beef jerky        |       |       |     2 |       |     2 |     1 |     1 ||     6
       Pizza             |       |       |     1 |     1 |     1 |     2 |     1 ||     6
       Fruit             |       |       |       |       |     4 |     3 |       ||     7
       Bread ration      |       |       |       |       |       |     4 |     1 ||     5
       Royal jelly       |       |       |       |       |       |     1 |       ||     1
